 Dungeon Crawl Stone Soup version 0.19.5 (webtiles) character file.

40 Gargoyl the Skirmisher (level 3, -1/33 HPs)
             Began as a Ghoul Abyssal Knight on Apr 4, 2017.
             Was a Follower of Lugonu.
             Slain by bobthegiant's ghost (3 damage)
             ... on level 3 of the Dungeon.
             The game lasted 00:04:19 (1605 turns).

Gargoyl the Skirmisher (Ghoul Abyssal Knight)       Turns: 1605, Time: 00:04:19

Health: -1/33      AC:  7    Str: 15    XL:     3   Next: 50%
Magic:  3/3        EV:  9    Int:  7    God:    Lugonu [*.....]
Gold:   209        SH:  0    Dex:  9    Spells: 0 memorised, 2 levels left

rFire  + . .     SeeInvis .     a - +2 hand axe
rCold  + . .     Gourm    .     e - +0 scale mail
rNeg   + + +     Faith    .     (no shield)
rPois  ∞         Spirit   .     (no helmet)
rElec  .         Reflect  .     (no cloak)
rCorr  .         Harm     .     (no gloves)
MR     .....                    k - +0 pair of boots
Stlth  ..........               (no amulet)
                                (no ring)
                                n - ring of protection from fire

@: rotting
A: rotting body, claws 1, carnivore 3, cold resistance 1, negative energy
resistance 3, slow regeneration 1, torment resistance, unbreathing
a: Depart the Abyss, Renounce Religion


You were on level 3 of the Dungeon.
You worshipped Lugonu.
Lugonu was aware of your devotion.
You were not hungry.

You visited 1 branch of the dungeon, and saw 3 of its levels.
You visited the Abyss 1 time.

You collected 209 gold pieces.

Inventory:

Hand Weapons
 a - a +2 hand axe (weapon)
 d - a +1 whip of venom
Missiles
 j - 4 tomahawks (quivered)
Armour
 e - a +0 scale mail (worn)
 k - a +0 pair of boots (worn)
Jewellery
 n - a ring of protection from fire (left claw)
Scrolls
 g - a scroll of amnesia
 i - a scroll of teleportation
 o - 2 scrolls of remove curse
 q - a scroll of identify
Potions
 b - 4 potions of curing {unknown}
 f - a potion of beneficial mutation {unknown}
 h - a potion of might
 l - a potion of mutation {unknown}
Comestibles
 c - a meat ration
 m - 5 chunks of flesh
 p - a beef jerky


   Skills:
 + Level 3.9 Fighting
 + Level 2.0 Axes
 * Level 2.4 Armour
 + Level 1.1 Dodging
 * Level 2.3 Invocations


You had 2 spell levels left.
You didn't know any spells.

Dungeon Overview and Level Annotations

Branches:
Dungeon (3/15)

Altars:
Nemelex Xobeh
Qazlal

Annotations:
D:3 bobthegiant's ghost, amateur MfTm


Innate Abilities, Weirdness & Mutations

Your body is rotting away.
You thrive on raw meat.
You are immune to poison.
You have sharp fingernails.
You are carnivorous and can eat meat at any time.
Your flesh is cold resistant. (rC+)
You are immune to negative energy. (rN+++)
You regenerate slowly when monsters are visible.
You are immune to unholy pain and torment.
You can survive without breathing.


Message History

Bobthegiant's ghost hits you but does no damage.
You barely miss bobthegiant's ghost.
Bobthegiant's ghost is moderately damaged.
Bobthegiant's ghost hits you.
You hit bobthegiant's ghost.
Bobthegiant's ghost is heavily damaged.
Bobthegiant's ghost hits you!
* * * LOW HITPOINT WARNING * * *
You hit bobthegiant's ghost.
Bobthegiant's ghost is severely damaged.
Bobthegiant's ghost hits you.
* * * LOW HITPOINT WARNING * * *
You barely miss bobthegiant's ghost.
Bobthegiant's ghost is severely damaged.
Bobthegiant's ghost hits you.
* * * LOW HITPOINT WARNING * * *
You hit bobthegiant's ghost.
Bobthegiant's ghost is severely damaged.
Bobthegiant's ghost closely misses you. Bobthegiant's ghost hits you.
You die...

#............## #.#^≈≈^.......#
#.^.##§.^###..# #..##.§..#^≈..#
#..§#.≈..#§#..# #.§^≈≈..≈.^...#
#......_......#
##...^...≈≈§§§###########
#.≈.≈..§^##§§[.@W......#*****
#..##≈...##§######.....#,,,,*
#.###≈..^.#....###)....#,,,,****
##^^^...≈.§...............,,,,,,
#####.###.....###.....#..,,****
#§........# #.[...#*#***
#####.....# ####### #.....#****
****** ##'####,,,* *,,,,*


You could see bobthegiant's ghost.

Vanquished Creatures
  An adder (D:2)
  A dart slug (D:2)
  A leopard gecko (D:1)
  A giant cockroach (D:2)
  5 goblins
  4 hobgoblins
  3 quokkas (D:2)
  A ball python (D:1)
  4 bats
  2 frilled lizards (D:2)
  4 kobolds (D:2)
  2 rats
29 creatures vanquished.

Notes
Turn   | Place    | Note
-------+----------+-------------------------------------------
     0 | Abyss:1  | Gargoyl the Ghoul Abyssal Knight began the quest for the Orb.
     0 | Abyss:1  | Reached XP level 1. HP: 19/19 MP: 1/1
     7 | Abyss:1  | Found a corrupted altar of Lugonu.
    85 | Abyss:1  | Noticed a large abomination
    88 | Abyss:1  | Noticed an ancient zyme
   111 | Abyss:1  | Noticed a large abomination
   113 | D:1      | Escaped the Abyss
   544 | D:1      | Reached * piety under Lugonu
   585 | D:1      | Reached XP level 2. HP: 24/24 MP: 2/2
  1008 | D:2      | Reached skill level 1 in Dodging
  1061 | D:2      | Found a sparkling altar of Nemelex Xobeh.
  1151 | D:2      | Reached XP level 3. HP: 31/33 MP: 3/3
  1555 | D:3      | Found a stormy altar of Qazlal.
  1583 | D:3      | Noticed bobthegiant's ghost (amateur MfTm)
  1605 | D:3      | Slain by bobthegiant's ghost

Skill      XL: |  1  2 |
---------------+-------+-----
Armour         | 2 |  2.4
Axes           | 2 |  2.0
Dodging        | 1 |  1.1
Fighting       | |  3.9
Invocations    | |  2.3

Action                   || total
-------------------------++-------
Melee: Whip              ||   104
       Hand axe          ||     7
Invok: Depart the Abyss  ||     1
  Use: Scroll            ||     7
  Eat: Chunk             ||    10
Armor: Scale mail        ||    60
Dodge: Dodged            ||    79
